 Dungeon Crawl Stone Soup version 0.29.1-2-gbd0b4ee654 (console) character file.

Game seed: 16826618481719467772

37 Wadler the Conjurer (level 3, -1/25 HPs)
             Began as a Human Conjurer on Nov 15, 2022.
             Was a Follower of Cheibriados.
             Succumbed to their own poison gas
             ... on level 2 of the Dungeon.
             The game lasted 00:20:50 (1455 turns).

Wadler the Conjurer (Human Conjurer)                Turns: 1455, Time: 00:20:51

Health: -1/25      AC:  6    Str:  8 (10) XL:     3   Next: 62%
Magic:  6/6        EV: 11    Int: 22 (23) God:    Cheibriados [*.....]
Gold:   47         SH:  0    Dex: 13 (14) Spells: 3/6 levels left

rFire   . . .      SeeInvis .   h - +0 spear
rCold   . . .      Faith    .   (no shield)
rNeg    . . .      Spirit   .   n - +3 leather armour
rPois   .          Reflect  .   (no helmet)
rElec   .          Harm     .   (no cloak)
rCorr   .          Rampage  .   (no gloves)
Will    +....                   (no boots)
Stlth   ++........              (no amulet)
HPRegen 0.08/turn               f - ring of flight
MPRegen 0.10/turn               g - ring of willpower

@: lethally poisoned (-1 -> -34), attractive, flying, very slow
A: no striking features
a: Renounce Religion, Bend Time


You were on level 2 of the Dungeon.
You worshipped Cheibriados.
Cheibriados was aware of your devotion.
You visited 1 branch of the dungeon, and saw 2 of its levels.

You collected 47 gold pieces.

Inventory:

Hand Weapons
 d - a +0 whip
 h - a +0 spear (weapon)
 l - a +0 hand axe
 m - a +0 whip
Missiles
 i - 11 stones
Armour
 a - a +0 robe
 c - a +0 scale mail
 n - a +3 leather armour (worn)
 q - a +0 ring mail
 t - a +0 scale mail
Jewellery
 f - a ring of flight (left hand)
 g - a ring of willpower (right hand)
Scrolls
 e - a scroll of teleportation {unknown}
 p - a scroll of acquirement {unknown}
Potions
 b - a potion of magic
 o - a potion of cancellation {unknown}
 u - a potion of mutation {unknown}


   Skills:
 + Level 0.5 Fighting
 + Level 0.1 Polearms
 + Level 2.1 Dodging
 + Level 2.4 Stealth
 + Level 2.1 Spellcasting
 + Level 4.6 Conjurations


You had 3 spell levels left.
You knew the following spells:

 Your Spells              Type           Power      Damage    Failure   Level
a - Magic Dart            Conj           88%        1d7       3%          1
b - Searing Ray           Conj           44%        2d6       4%          2

Your spell library contained the following spells:

 Spells                   Type           Power      Damage    Failure   Level
 Dazzling Flash           Conj/Hex       24%        N/A       22%         3
 Fulminant Prism          Conj/Hex       6%         3d7       58%         4
 Iskenderun's Mystic Bla  Conj/Tloc      12%        2d5       58%         4


Dungeon Overview and Level Annotations

Branches:
Dungeon (2/15)

Altars:
Cheibriados


Message History

There are no objects that can be picked up here. a hobgoblin corpse A frilled lizard comes into view.
Found an escape hatch in the ceiling.
Casting: Searing Ray (safe; 3% risk of failure)
Confirm with . or Enter, or press ? or * to list all spells.
Aiming: Searing Ray (safe; 3% risk of failure)
Press: ? - help, Shift-Dir - straight line, f - frilled lizard
Aim: a frilled lizard (asleep, 100% to hit)
The searing ray hits the frilled lizard!
You kill the frilled lizard!
Cheibriados appreciates the change of pace. (Press . to maintain the ray.)
Found a black potion.
u - a black potion
There are no items here.
It was a potion of heal wounds.
You feel much better.
It was a potion of attraction.
You feel attractive to monsters.
The air fills with toxic fumes!
As you read the scroll labelled WIDICO NIPNO JON, it crumbles to dust.
It was a scroll of poison.
Press: ? - help, v - describe, . - travel The floor.
There is a cloud of poison gas here.
Really fly into that cloud of poison gas? [Y]es or [N]o only, please.
Really fly into that cloud of poison gas?
You are engulfed in poison gas.
You are poisoned.
Ouch! That really hurt!
* * * LOW HITPOINT WARNING * * *
You feel very sick.
It was a potion of degeneration.
There was something very wrong with that liquid.
You feel weakened.
You feel dopey.
You feel clumsy.
You are engulfed in poison gas.
You are more poisoned.
* * * LOW HITPOINT WARNING * * *
You die...

#.............#
#......
###.............#
#######
#...............#
#.#............##
#.##########+###
#.# ###§§§§§###
#.# #§§§§§§§§§§
#.# #§§§§§§§§§§
#.####§§§§§§§§§§
#..§§§§§§§§§§#
######§§@§§§§#
#§§§§§§§.§§§§#
#§§§§§§§§§§§§#
#§§§§§§§§§§§§§§#
#§§§§§§§§§§§§§§#
#§§§§§§§§§§§§§§#
################


There were no monsters in sight!

Vanquished Creatures
  An adder (D:2)
  2 dart slugs
  2 endoplasms (D:2)
  3 giant cockroaches
  2 hobgoblins
  A kobold (D:1)
  2 quokkas (D:1)
  A ball python (D:1)
  5 bats
  A frilled lizard (D:2)
  4 rats
24 creatures vanquished.

Notes
Turn   | Place    | Note
-------+----------+-------------------------------------------
     0 | D:1      | Wadler the Human Conjurer began the quest for the Orb.
     0 | D:1      | Reached XP level 1. HP: 13/13 MP: 3/3
   572 | D:1      | Reached XP level 2. HP: 17/19 MP: 0/5
   673 | D:1      | Noticed an eye of devastation
   675 | D:1      | Found a faded altar of an unknown god.
   678 | D:1      | Noticed a floating eye
   693 | D:1      | Noticed a great orb of eyes
   693 | D:1      | Noticed a floating eye
   701 | D:1      | Prayed at the altar of an unknown god.
   701 | D:1      | Became a worshipper of Cheibriados the Contemplative
   701 | D:1      | Reached * piety under Cheibriados
   801 | D:1      | Learned a level 2 spell: Searing Ray
  1167 | D:2      | Reached XP level 3. HP: 23/25 MP: 1/6
  1455 | D:2      | Succumbed to their own poison gas

Illustrated notes

Levels and vault maps discovered:
D:1:      lightli_arrival_statue_moat, layout_loops_ring,
          hellmonk_ecumenical_altar_watching_god
D:2:      cheibrodos_pilgrimage, layout_basic, minmay_diced_spiral

Action                   || total
-------------------------++-------
Melee: Unarmed           ||    12
       Whip              ||     4
       Spear             ||    26
 Cast: Magic Dart        ||    15
       Searing Ray       ||    12
  Use: Potion            ||     3
       Scroll            ||     1
 Stab: Sleeping          ||     1
Armor: Robe              ||    14
       Leather armour    ||    16
Dodge: Dodged            ||    57
